 Dungeon Crawl Stone Soup version 0.28-a0-828-g0121872642 (webtiles) character file.

Game seed: 13547067747501477356

1153 oldriver the Magician (level 8, 0/58 HPs)
             Began as a Djinni Fire Elementalist on Nov 10, 2021.
             Slain by siradein's ghost (5 damage)
             ... on level 2 of the Dungeon.
             The game lasted 00:10:06 (7306 turns).

oldriver the Magician (Djinni Fire Elementalist)    Turns: 7306, Time: 00:10:06

Health: 0/58       AC:  5    Str:  6 (7)  XL:     8   Next: 65%
Gold:   118        EV: 12    Int: 21 (24) God:
                   SH:  0    Dex: 13 (15)

rFire   + + +      SeeInvis .   d - +3 dagger (venom)
rCold   . . .      Faith    .   (no shield)
rNeg    . . .      Spirit   .   a - +0 robe
rPois   ∞          Reflect  .   g - +2 helmet
rElec   +          Harm     .   (no cloak)
rCorr   +          Rampage  .   (no gloves)
Will    .....                   (boots unavailable)
Stlth   ++........              (no amulet)
HPRegen 0.19/turn               e - +6 ring of intelligence
MPRegen 0.00/turn               (no ring)

@: resistant, flying
A: sickness immunity, fire resistance 2, cold vulnerability 1, float, innate
caster, hp casting, extra vitality 1
a: no special abilities


You were on level 2 of the Dungeon.
You visited 2 branches of the dungeon, and saw 6 of its levels.

You collected 278 gold pieces.
You spent 160 gold pieces at shops.

Inventory:

Hand Weapons
 d - a +3 dagger of venom (weapon)
Missiles
 b - a throwing net
Armour
 a - a +0 robe (worn)
 g - a +2 helmet (worn)
Jewellery
 e - a +6 ring of intelligence (left hand)
 j - an amulet of the acrobat
Scrolls
 c - 4 scrolls of enchant armour
 f - 2 scrolls of teleportation
 h - a scroll of noise {unknown}
 l - a scroll of amnesia {unknown}
 p - a scroll of identify
 q - a scroll of magic mapping
 s - a scroll of fear {unknown}
Potions
 k - a potion of mutation {unknown}
 r - a potion of attraction {unknown}


   Skills:
 * Level 4.0 Fighting
 + Level 2.9 Dodging
 + Level 3.2 Stealth
 + Level 6.5 Spellcasting


You had 2 spell levels left.
You knew the following spells:

 Your Spells              Type           Power      Damage    Failure   Level
a - Foxfire               Conj/Fire      100%       2x1d9     1%          1
b - Scorch                Fire           68%        2d8       1%          2
c - Conjure Flame         Conj/Fire      34%        6-21      1%          3
d - Inner Flame           Hex/Fire       34%        N/A       1%          3
e - Flame Wave            Conj/Fire      34%        3d7       6%          4
f - Beastly Appendage     Tmut           68%        N/A       1%          1
g - Corpse Rot            Necr/Air       68%        N/A       1%          2
h - Ensorcelled Hibernat  Hex/Ice        68%        N/A       1%          2
Your spell library was empty.

Dungeon Overview and Level Annotations

Branches:
Dungeon (5/15)             Temple (1/1) D:4

Altars:
Ashenzari
Dithmenos
Elyvilon
Fedhas
Gozag
Kikubaaqudgha
Nemelex Xobeh
Okawaru
Ru
Trog
Uskayaw
Vehumet
Zin
The Shining One

Shops:
D:4 ?

Annotations:
D:2 siradein's ghost, amateur MiFi


Innate Abilities, Weirdness & Mutations

You are immune to sickness and miasma.
You are immune to poison.
Your flesh is very heat resistant. (rF++)
You are vulnerable to cold. (rC-)
You float through the air rather than walking.
You learn spells naturally, not from books.
Your magical power is your life essence.
You have superior vitality. (+4 HP)


Message History

Confirm with . or Enter, or press ? or * to list all spells.
Flames lash siradein's ghost.
Siradein's ghost completely resists.
Siradein's ghost hits you.
Casting: Scorch (safe; 1% risk of failure)
Confirm with . or Enter, or press ? or * to list all spells.
Flames lash siradein's ghost.
Siradein's ghost completely resists.
Siradein's ghost hits you!
Casting: Scorch (safe; 1% risk of failure)
Confirm with . or Enter, or press ? or * to list all spells.
Flames lash siradein's ghost.
Siradein's ghost completely resists.
* * * LOW HITPOINT WARNING * * *
Siradein's ghost hits you.
* * * LOW HITPOINT WARNING * * *
There is a stone staircase leading up here.
Unknown command.
Siradein's ghost barely misses you.
You fly upwards.
There is a stone staircase leading down here.
Siradein's ghost wails, "To die, to sleep, no more."
As you read the scroll labelled TIVOIM VUETY, it crumbles to dust.
It is a scroll of brand weapon.
Your +3 dagger drips with poison.
d - a +3 dagger of venom (weapon)
Siradein's ghost misses you.
As you read the scroll labelled PACVUK XIH WETOST, it crumbles to dust.
Wisps of shadow whirl around you...
It was a scroll of summoning.
Siradein's ghost hits you!
* * * LOW HITPOINT WARNING * * *
It was a potion of degeneration.
There was something very wrong with that liquid.
You feel weakened.
You feel dopey.
You feel clumsy. Siradein's ghost barely misses you.
Your rat closely misses siradein's ghost.
Your bat barely misses siradein's ghost.
Okay, then.
It was a potion of resistance.
You feel protected.
Your bat hits siradein's ghost but does no damage.
Siradein's ghost hits you.
You die...

...## #.####..≈≈≈.≈≈#
####.###### ####
#.####...##..## ##.##
#........##.## #...#
##########.#>.#.# #...##### #
#.....>.........# #...##... #
#........#.##...# #####...##.#.
#
#........#......###...........#
#
#............Kb..............##
#
#........##.w.@####..........#
# #........##..#W#
#####...##.## #
#.............r# #...##..# #
###########..#.# #...####.
######### #..#.# ##...#####
#.......#####..#.# #......#
#.#####........#.# #......#
#.#####.....#..#.# #......#
#.##.............# #......#


You could see siradein's ghost (ally target), a friendly dart slug (summoned), a
friendly bat (summoned), a friendly kobold (summoned) and a friendly rat
(summoned).

Vanquished Creatures
  Menkaure (D:4)
  2 ice beasts (D:4)
  2 black bears (D:4)
  A centaur (D:5)
  A phantom (D:5)
  A kobold brigand (D:4)
  An orc priest (D:3)
  A hound (D:5)
  3 iguanas
  An orc wizard (D:3)
  2 howler monkey zombies (D:5)
  9 gnolls (D:4)
  A howler monkey skeleton (D:5)
  3 adders
  A hound simulacrum (D:4)
  2 adder skeletons
  2 dart slugs
  An adder simulacrum (D:4)
  4 orcs
  12 ball pythons
  5 bats
  6 endoplasms
  2 giant cockroaches
  6 goblins
  10 hobgoblins
  3 quokkas
  3 frilled lizards
  48 kobolds
  5 rats
  A spectral goblin (D:2)
140 creatures vanquished.

Vanquished Creatures (others)
  533 foxfires
  A plant (Temple)
534 creatures vanquished.

Grand Total: 674 creatures vanquished

Notes
Turn   | Place    | Note
-------+----------+-------------------------------------------
     0 | D:1      | oldriver the Djinni Fire Elementalist began the quest for
                  | the Orb.
     0 | D:1      | Reached XP level 1. HP: 15/15 MP: 0/0
   271 | D:1      | Reached XP level 2. HP: 17/21 MP: 0/0
   741 | D:1      | Reached skill level 3 in Spellcasting
   742 | D:1      | Reached XP level 3. HP: 10/25 MP: 0/0
   742 | D:1      | Learned a level 1 spell: Beastly Appendage
  2013 | D:2      | Found a faded altar of an unknown god.
  2344 | D:3      | Found an opulent altar of Gozag.
  2587 | D:3      | Reached XP level 4. HP: 15/31 MP: 0/0
  3004 | D:3      | Reached skill level 1 in Fighting
  3004 | D:3      | Reached XP level 5. HP: 33/37 MP: 0/0
  3004 | D:3      | Learned a level 2 spell: Corpse Rot
  3773 | D:4      | Noticed siradein's ghost (amateur MiFi)
  3773 | D:4      | Noticed an ice beast
  3915 | D:4      | Found a bloodstained altar of Trog.
  3915 | D:4      | Noticed a black bear
  3916 | D:4      | Noticed a black bear
  3940 | D:4      | Killed a black bear
  3941 | D:4      | Reached skill level 4 in Spellcasting
  3941 | D:4      | Reached XP level 6. HP: 27/42 MP: 0/0
  3941 | D:4      | Killed a black bear
  4087 | D:4      | Found a broken altar of Ashenzari.
  4484 | D:4      | Reached XP level 7. HP: 43/49 MP: 0/0
  4484 | D:4      | Learned a level 2 spell: Ensorcelled Hibernation
  4690 | D:4      | Reached skill level 5 in Spellcasting
  5249 | D:4      | Found a staircase to the Ecumenical Temple.
  5251 | D:4      | Noticed Menkaure
  5256 | D:4      | Killed Menkaure
  5260 | D:4      | Found Sakhli's Magic Scroll Boutique.
  5265 | Temple   | Entered the Ecumenical Temple
  5425 | D:4      | Bought a scroll of identify for 20 gold pieces
  5425 | D:4      | Bought a scroll of teleportation for 30 gold pieces
  5425 | D:4      | Bought a scroll of magic mapping for 35 gold pieces
  5425 | D:4      | Bought a scroll of enchant armour for 75 gold pieces
  5474 | D:4      | Found a runed translucent gate.
  5475 | D:4      | Found a runed translucent gate.
  5476 | D:4      | Found a runed translucent gate.
  5556 | D:4      | Reached XP level 8. HP: 51/56 MP: 0/0
  6502 | D:5      | Entered Level 5 of the Dungeon
  6506 | D:5      | Reached skill level 6 in Spellcasting
  6870 | D:5      | Found an iron altar of Okawaru.
  7306 | D:2      | Slain by siradein's ghost

Illustrated notes

Levels and vault maps discovered:
D:1:      dpeg_arrival_tiny_j, layout_rooms
D:2:      layout_loops_cross, dreamdust_ecumenical_altar_drowned_temple,
          minmay_diced_spiral
D:3:      layout_loops_ring, mainiacjoe_overflow_alcove_1
D:4:      minmay_goblin_kobold_castle, layout_basic,
          cheibrodos_ashenzari_chains, trog_ov_bears_minmay,
          minmay_temple_entry_purple_smoke, serial_shops, shop,
          gammafunk_ghost_icy, kennysheep_small_circle, uniq_menkaure
D:5:      layout_loops_ring, mainiacjoe_overflow_24_doors, kennysheep_mini,
          uniq_pikel
Temple:   cyrus_temple_forest

Skill      XL: |  1  2  3  4  5  6  7  8 |
---------------+-------------------------+-----
Spellcasting   | 3 4 5 6 |  6.5
Stealth        | 2 3 |  3.2
Fighting       | 1 2 3 4 |  4.0
Dodging        | |  2.9

Action                   |  1- 3 |  4- 6 |  7- 9 || total
-------------------------+-------+-------+-------++-------
Melee: Dagger            |       |     1 |     3 ||     4
 Cast: Foxfire           |   116 |    91 |   126 ||   333
       Conjure Flame     |       |     3 |     2 ||     5
       Beastly Appendage |       |     1 |       ||     1
       Scorch            |       |     2 |    41 ||    43
       Flame Wave        |       |       |     2 ||     2
  Use: Potion            |       |       |     4 ||     4
       Scroll            |       |       |     2 ||     2
Armor: Robe              |     3 |     3 |     7 ||    13
Dodge: Dodged            |     2 |     7 |    19 ||    28

Table legend: (Time is in decaauts)
 A = Elapsed time spent in this place.
 B = Non-inter-level travel time spent in this place.
 C = Inter-level travel time spent in this place.
 D = Time resting spent in this place.
 E = Time spent auto-exploring this place.
 F = Levels seen in this place.
 G = Mean time per level.
                   A        B        C        D        E       F      G
               +--------+--------+--------+--------+--------+-----+--------+
         Total |   7306 |   7173 |    133 |   2339 |   3934 |   6 | 1217.7 |
       Dungeon |   7174 |   7041 |    133 |   2339 |   3869 |   5 | 1434.8 |
        Temple |    132 |    132 |      0 |      0 |     65 |   1 |  132.0 |
               +--------+--------+--------+--------+--------+-----+--------+

Top non-repeatable levels by time:
     D:4: 2709 daAuts
     D:3: 1487 daAuts
     D:1: 1372 daAuts
     D:2: 917 daAuts
     D:5: 686 daAuts
  Temple: 132 daAuts
